 Dungeon Crawl Stone Soup version 0.32-a0-468-g38b2580584 (console) character file.

Game seed: 3842839374995520135

3727 ashuri the Thaumaturge (level 10, -1/63 (71) HPs)
             Began as a Human Hedge Wizard on Feb 24, 2024.
             Was a Priest of Kikubaaqudgha.
             Shot with an arrow by a centaur (7 damage)
             ... on level 8 of the Dungeon.
             The game lasted 00:36:13 (11897 turns).

ashuri the Thaumaturge (Human Hedge Wizard)        Turns: 11897, Time: 00:36:13

HP:   -1/63 (71)    AC:  5    Str: 11    XL:     10   Next: 14%
MP:   33/33         EV: 12    Int: 19    God:    Kikubaaqudgha [***...]
Gold: 403           SH:  0    Dex: 12    Spells: 9/29 levels left

rFire   . . .        e - +3 spear (flame)
rCold   . . .        (no shield)
rNeg    . . .        b - +0 robe
rPois   .            j - +2 helmet
rElec   .            (no cloak)
rCorr   .            (no gloves)
SInv    .            (no boots)
Will    .....        (no amulet)
Stlth   ++           f - ring of flight
HPRegen 0.30/turn    p - ring of magical power
MPRegen 0.23/turn

%: no passive effects
@: brilliant, lethally poisoned (-1 -> -6), about to teleport, on blink
cooldown, flying, heavily drained
A: explore regen
a: Renounce Religion, Unearth Wretches


You were on level 8 of the Dungeon.
You worshipped Kikubaaqudgha.
Kikubaaqudgha was most pleased with you.
You visited 1 branch of the dungeon, and saw 8 of its levels.

You collected 403 gold pieces.

Inventory:

Hand Weapons
 e - a +3 spear of flaming (weapon)
Armour
 b - a +0 robe (worn)
 c - a +1 hat
 j - a +2 helmet (worn)
Jewellery
 f - a ring of flight (left hand)
 m - a ring of magical power
 o - a ring of protection from cold
 p - a ring of magical power (right hand)
 s - a ring of resist corrosion
Wands
 t - a wand of acid (7)
Scrolls
 h - 3 scrolls of identify
 i - a scroll of teleportation
 n - a scroll of poison
 r - a scroll of vulnerability
Potions
 d - 5 potions of magic
 l - a potion of might


   Skills:
 - Level 4.0 Fighting
 - Level 3.0 Dodging
 - Level 2.0 Stealth
 - Level 10.0 Spellcasting
 - Level 3.0 Conjurations
 - Level 4.0 Summonings
 + Level 4.2 Necromancy
 - Level 1.0 Translocations
 - Level 1.0 Air Magic
 + Level 1.9 Earth Magic
 - Level 2.0 Alchemy
 - Level 4.0 Evocations


You had 9 spell levels left.
You knew the following spells:

 Your Spells              Type           Power      Damage    Failure   Level
a - Magic Dart            Conj           100%       1d8       2%          1
b - Call Imp              Summ           74%        N/A       2%          2
c - Mephitic Cloud        Conj/Alch/Air  25%        N/A       10%         3
d - Cigotuvi's Dreadful   Necr/Alch/Air  54%        N/A       4%          2
e - Necrotise             Necr           100%       1d9       1%          1
f - Borgnjor's Vile Clut  Necr/Erth      15%        N/A       52%         5
g - Martyr's Knell        Necr/Summ      37%        N/A       14%         4
B - Blink                 Tloc           38%        N/A       8%          2

Your spell library contained the following spells:

 Spells                   Type           Power      Damage    Failure   Level
 Vampiric Draining        Necr           38%        2d8       4%          3
 Slow                     Hex            56%        N/A       8%          1
 Animate Dead             Necr           38%        N/A       13%         4
 Anguish                  Hex/Necr       13%        N/A       30%         4
 Curse of Agony           Necr           38%        N/A       36%         5


Dungeon Overview and Level Annotations

Branches:
Dungeon (8/15)             Temple (0/1) D:6
   Lair: D:8-11

Altars:
Dithmenos
Gozag
Kikubaaqudgha
Makhleb
Nemelex Xobeh
Okawaru
Ru
Vehumet
Xom

Annotations:
D:2 1 runed translucent door, Crazy Yiuf
D:4 Ijyb
D:8 1 transporter


Innate Abilities, Weirdness & Mutations

You regain HP and MP as you explore.


Message History

The killer bee is engulfed in noxious fumes.
The killer bee appears confused.
The killer bee stings you. The manticore barely misses you.
The manticore claws you but does no damage.
The manticore closely misses you.
Okay, then.
As you read the scroll of teleportation, it crumbles to dust.
You feel strangely unstable.
You feel sick.
The killer bee closely misses the killer bee.
The killer bee barely misses something.
The killer bee closely misses you.
The killer bee is engulfed in noxious fumes.
The killer bee appears confused.
The killer bee stings itself.
The killer bee stings something.
The killer bee poisons something!
The killer bee barely misses something.
The killer bee misses itself.
The killer bee stings you but does no damage.
The yak is engulfed in noxious fumes.
The manticore bites you!!
* * * LOW HITPOINT WARNING * * *
The manticore closely misses you. The manticore barely misses you.
The yak bellows!
Unknown command.
Okay, then.
Casting: Mephitic Cloud (dangerous; 10% risk of failure)
Confirm with . or Enter, or press ? or * to list all spells.
You feel a surge of power!
You blink.
Found a potion of cancellation.
Found an escape hatch in the floor.
You feel sick.
The killer bee is engulfed in noxious fumes.
The killer bee appears confused.
The killer bee barely misses you.
The killer bee barely misses itself.
The killer bee stings the killer bee.
The killer bee is poisoned.
The killer bee poisons the killer bee!
The yak is engulfed in noxious fumes.
The yak appears confused.
The yak gores the killer bee!
The killer bee is killed!
Kikubaaqudgha accepts your kill.
The yak is engulfed in noxious fumes.
The yak appears confused.
The yak gores the killer bee!
The killer bee is killed!
Kikubaaqudgha accepts your kill.
The centaur shoots an arrow.
The arrow hits you!
You die...
Kikubaaqudgha rasps: You have failed me!
Welcome... death!

.###....#.5...[.#
......c###.<)...#.# ....
.........c.##.....# ....
.?).....#####.###.#......
........###.....#.#......
...:............#.......Y
#.u.#####.#c....#...Y...Y
..<.# ###.....†.....
....# .#@○Yy..... ......
##yY...... ......#
#<#!.>.. ......# #.# ...#
....... #H# #.# ........
#.# . ......... ☼.# ####


You could see a manticore, 3 yaks, a centaur and 2 killer bees.

Vanquished Creatures
  Joseph (D:7)
  3 yaks (D:5)
  Eustachio (D:3)
  Menkaure (D:4)
  A water moccasin (D:7)
  A black bear (D:7)
  An ogre (D:6)
  A phantom (D:4)
  A bullfrog (D:7)
  3 scorpions
  A gnoll sergeant (D:6)
  A wight (D:7)
  3 killer bees
  2 jellies
  3 gnoll boudas
  2 bombardier beetles (D:4)
  5 hounds
  An orc priest (D:5)
  Terence (D:3)
  4 iguanas
  2 sleepcaps
  3 orc wizards
  12 gnolls
  3 adders
  4 shadow imps
  3 white imps
  2 ufetubi (D:6)
  A ribbon worm (D:2)
  3 dart slugs
  9 orcs
  7 endoplasms
  2 giant cockroaches
  3 goblins
  7 hobgoblins
  8 jackals
  A quokka (D:4)
  13 ball pythons
  6 bats
  3 frilled lizards
  9 kobolds
  4 rats
142 creatures vanquished.

Vanquished Creatures (collateral kills)
  2 yaks (D:5)
  A water moccasin (D:7)
  A sky beast (D:5)
  A centaur (D:6)
  A phantom (D:4)
  A kobold brigand (D:7)
  A scorpion (D:5)
  2 wights (D:7)
  A jelly (D:7)
  2 iguanas
  3 adders
  5 gnolls
  A shadow imp (D:4)
  A dart slug (D:1)
  An orc (D:4)
  A ball python (D:2)
  A hobgoblin (D:3)
  A jackal (D:2)
  3 kobolds
30 creatures vanquished.

Grand Total: 172 creatures vanquished

Notes
Turn   | Place    | Note
-------+----------+-------------------------------------------
     0 | D:1      | ashuri the Human Hedge Wizard began the quest for the Orb.
     0 | D:1      | Reached XP level 1. HP: 13/13 MP: 4/4
   381 | D:1      | Reached XP level 2. HP: 19/19 MP: 1/6
   432 | D:1      | Learned a level 2 spell: Blink
   435 | D:1      | Learned a level 2 spell: Call Imp
   579 | D:1      | Found a faded altar of an unknown god.
   941 | D:1      | Reached XP level 3. HP: 24/24 MP: 1/7
  1001 | D:1      | Learned a level 3 spell: Mephitic Cloud
  1955 | D:2      | Reached skill level 1 in Air Magic
  1955 | D:2      | Reached skill level 1 in Alchemy
  1955 | D:2      | Reached XP level 4. HP: 30/30 MP: 2/9
  2424 | D:2      | Found an ancient bone altar of Kikubaaqudgha.
  2637 | D:2      | Became a worshipper of Kikubaaqudgha
  2689 | D:2      | Found a runed translucent door.
  2690 | D:2      | Noticed Crazy Yiuf
  2988 | D:3      | Learned a level 2 spell: Cigotuvi's Dreadful Rot
  3011 | D:3      | Reached skill level 4 in Spellcasting
  3171 | D:3      | Noticed a scorpion
  3308 | D:3      | Reached XP level 5. HP: 35/35 MP: 4/11
  3631 | D:3      | Reached * piety under Kikubaaqudgha
  3631 | D:3      | Received a gift from Kikubaaqudgha
  3864 | D:3      | Noticed Terence
  3903 | D:3      | Killed Terence
  4078 | D:3      | Reached skill level 1 in Necromancy
  4413 | D:3      | Reached XP level 6. HP: 39/41 MP: 12/12
  4556 | D:4      | Noticed Eustachio
  4680 | D:4      | Noticed Menkaure
  4724 | D:4      | Killed Menkaure
  5041 | D:4      | Noticed Ijyb
  5284 | D:4      | Learned a level 1 spell: Necrotise
  5510 | D:3      | Killed Eustachio
  5511 | D:3      | Reached skill level 5 in Spellcasting
  5511 | D:3      | Reached XP level 7. HP: 36/46 MP: 9/15
  5973 | D:4      | Found a shadowy altar of Dithmenos.
  6209 | D:5      | Entered Level 5 of the Dungeon
  7068 | D:4      | Reached skill level 6 in Spellcasting
  7292 | D:5      | Reached XP level 8. HP: 52/52 MP: 17/17
  7576 | D:4      | Reached skill level 7 in Spellcasting
  7863 | D:4      | Reached ** piety under Kikubaaqudgha
  8033 | D:5      | Noticed a yak
  8033 | D:5      | Noticed a yak
  8110 | D:5      | Killed a yak
  8289 | D:5      | Noticed a yak
  8289 | D:5      | Noticed a yak
  8293 | D:5      | Noticed a yak
  8320 | D:5      | Killed a yak
  8321 | D:5      | Reached skill level 8 in Spellcasting
  8321 | D:5      | Reached skill level 1 in Fighting
  8332 | D:5      | Killed a yak
  8345 | D:5      | Killed a yak
  8346 | D:5      | Reached XP level 9. HP: 40/65 MP: 13/21
  8488 | D:5      | Found a shimmering altar of Xom.
  8539 | D:5      | Found a radiant altar of Vehumet.
  8598 | D:5      | Found a burning altar of Makhleb.
  8598 | D:5      | Found a sacrificial altar of Ru.
  8650 | D:5      | Found an opulent altar of Gozag.
  8652 | D:5      | Found a sparkling altar of Nemelex Xobeh.
  8654 | D:5      | Found an iron altar of Okawaru.
  8939 | D:6      | Found a staircase to the Ecumenical Temple.
  8955 | D:6      | Identified the +10 sling of Cuqiyseaz {heavy, ^Contam rPois
                  | rN+++ Stlth-}
  9030 | D:6      | Reached skill level 9 in Spellcasting
 10086 | D:7      | Reached skill level 1 in Evocations
 10086 | D:7      | Noticed Joseph
 10675 | D:7      | Killed Joseph
 10676 | D:7      | Reached skill level 10 in Spellcasting
 10916 | D:7      | Reached XP level 10. HP: 71/71 MP: 24/24
 10954 | D:7      | Reached *** piety under Kikubaaqudgha
 10954 | D:7      | Received a gift from Kikubaaqudgha
 10964 | D:7      | Learned a level 5 spell: Borgnjor's Vile Clutch
 11004 | D:7      | Learned a level 4 spell: Martyr's Knell
 11059 | D:7      | Reached skill level 1 in Earth Magic
 11548 | D:8      | Found a transporter.
 11671 | D:8      | Noticed a red ugly thing
 11891 | D:8      | Noticed a manticore
 11897 | D:8      | Shot with an arrow by a centaur

Illustrated notes

Levels and vault maps discovered:
D:1:      tekkud_arrival_beachfront_property, layout_basic,
          ebering_ecumenical_altar_hall
D:2:      layout_rooms, serial_glass, glass_columns_c, glass_columns_c,
          basic_altar, fountainhead, uniq_crazy_yiuf_cottage
D:3:      layout_basic, minmay_increasing_density, uniq_terence
D:4:      layout_cave_pools, mainiacjoe_overflow_24_doors,
          serial_co_window_serial, co_window_of_opportunity_a,
          co_window_corner_a, co_window_paths_a, co_window_paths_a,
          co_window_paths_a, co_window_unsneaky_path_b,
          co_window_of_opportunity_c, co_window_cross_2, co_window_corner_ca,
          co_window_4corner_b, co_window_4corner_a, glass_columns_c,
          glass_columns_b, uniq_menkaure, uniq_ijyb, uniq_eustachio
D:5:      layout_cave_pools, chequers_temple_overflow_minitemple,
          mainiacjoe_overflow_swirl, serial_demonic, serial_demonic_f,
          serial_demonic_e, serial_demonic_g, serial_demonic_a,
          serial_demonic_b, minmay_misc_feat_more_columns
D:6:      layout_loops_corners, minmay_temple_entry_mini_moons, minivault_27,
          grunt_decor_cap
D:7:      layout_basic, uniq_joseph
D:8:      layout_rooms, gammafunk_ghost_stat_death, serial_shops, shop,
          enter_bailey_8, hangedman_minor_gate_pass, uniq_erica

Skill      XL: |  1  2  3  4  5  6  7  8  9 10 |
---------------+-------------------------------+-----
Conjurations   | 2 3 |  3.0
Summonings     | 2 3 4 |  4.0
Air Magic      | 1 |  1.0
Alchemy        | 1 2 |  2.0
Spellcasting   | 4 5 6 8 10 | 10.0
Necromancy     | 1 3 4 |  4.2
Fighting       | 4 |  4.0
Dodging        | 3 |  3.0
Evocations     | 3 4 |  4.0
Earth Magic    | 1 |  1.9
Stealth        | |  2.0
Translocations | |  1.0

Action                     |  1- 3 |  4- 6 |  7- 9 | 10-12 || total
---------------------------+-------+-------+-------+-------++-------
  Melee: Dagger            |    29 |   205 |    55 |       ||   289
         Spear             |       |       |   233 |    46 ||   279
   Cast: Magic Dart        |    65 |    66 |    37 |    11 ||   179
         Call Imp          |     3 |    21 |    41 |    13 ||    78
         Mephitic Cloud    |       |     6 |    37 |     7 ||    50
         Necrotise         |       |    19 |    52 |    14 ||    85
         Cigotuvi's Dreadf |       |       |     1 |     1 ||     2
         Martyr's Knell    |       |       |       |     5 ||     5
         Blink             |       |       |       |     1 ||     1
  Evoke: Wand              |       |       |     2 |       ||     2
    Use: Scroll            |     2 |     1 |    10 |     3 ||    16
         Potion            |       |     4 |     1 |     1 ||     6
   Stab: Distracted        |       |     4 |     2 |       ||     6
         Confused          |       |     2 |    10 |     5 ||    17
         Sleeping          |       |       |     2 |       ||     2
 Armour: Robe              |    23 |   117 |   185 |    72 ||   397
         Skin              |       |    33 |       |       ||    33
  Dodge: Dodged            |    32 |   136 |   175 |    64 ||   407

Table legend: (Time is in decaauts)
 A = Elapsed time spent in this place.
 B = Non-inter-level travel time spent in this place.
 C = Inter-level travel time spent in this place.
 D = Time resting spent in this place.
 E = Time spent auto-exploring this place.
 F = Levels seen in this place.
 G = Mean time per level.
                   A        B        C        D        E       F      G
               +--------+--------+--------+--------+--------+-----+--------+
         Total |  11940 |  11224 |    716 |   3277 |   5574 |   8 | 1492.5 |
       Dungeon |  11940 |  11224 |    716 |   3277 |   5574 |   8 | 1492.5 |
               +--------+--------+--------+--------+--------+-----+--------+

Top non-repeatable levels by time:
     D:4: 2741 daAuts
     D:7: 1984 daAuts
     D:3: 1878 daAuts
     D:1: 1654 daAuts
     D:5: 1254 daAuts
     D:2: 1212 daAuts
     D:6: 1138 daAuts
     D:8: 75 daAuts
